 Dungeon Crawl Stone Soup version 0.29-a0-923-g6e406bff71 (webtiles) character file.

Game seed: 6748193577103376319

1008 frimble the Cutter (level 8, -7/56 HPs)
             Began as a Demonspawn Hedge Wizard on July 27, 2022.
             Mangled by a hornet (15 damage)
             ... on level 7 of the Dungeon.
             The game lasted 00:08:39 (5591 turns).

frimble the Cutter (Demonspawn Hedge Wizard)        Turns: 5591, Time: 00:08:40

Health: -7/56      AC:  7    Str: 18    XL:     8   Next: 1%
Magic:  12/12      EV: 13    Int: 15    God:
Gold:   32         SH:  5    Dex: 14    Spells: 9/13 levels left

rFire   . . .      SeeInvis .   e - +5 dagger (speed)
rCold   . . .      Faith    .   (no shield)
rNeg    + . .      Spirit   .   b - +0 robe
rPois   .          Reflect  +   c - +1 hat
rElec   .          Harm     .   (no cloak)
rCorr   .          Rampage  .   (no gloves)
Will    .....                   g - +2 pair of boots
Stlth   ++........              p - amulet of reflection
HPRegen 0.18/turn               m - ring of positive energy
MPRegen 0.13/turn               t - +6 ring of strength

@: slowed, very slow
A: claws 1, powered by death 1, sharp scales 1, demonic magic 1
a: no special abilities


You were on level 7 of the Dungeon.
You visited 2 branches of the dungeon, and saw 8 of its levels.

You collected 280 gold pieces.
You spent 248 gold pieces at shops.

Inventory:

Hand Weapons
 e - a +5 dagger of speed (weapon)
 f - a +2 vampiric dagger
Armour
 b - a +0 robe (worn)
 c - a +1 hat (worn)
 g - a +2 pair of boots (worn)
Jewellery
 j - an amulet of magic regeneration
 m - a ring of positive energy (left claw)
 n - a ring of positive energy
 p - an amulet of reflection (around neck)
 t - a +6 ring of strength (right claw)
Wands
 v - a wand of paralysis (4)
Scrolls
 k - a scroll of vulnerability
 q - a scroll of magic mapping
 w - a scroll of identify
Potions
 a - a potion of cancellation
 d - a potion of magic
 h - a potion of curing
 i - 2 potions of brilliance
 l - a potion of haste
 o - a potion of might
 r - 2 potions of heal wounds {unknown}
 s - 2 potions of flight {unknown}
 u - a potion of attraction {unknown}


   Skills:
 - Level 2.0 Fighting
 + Level 5.8 Short Blades
 - Level 3.0 Dodging
 - Level 1.7 Stealth
 - Level 3.0 Spellcasting
 - Level 1.7 Conjurations
 - Level 1.0 Summonings
 + Level 4.7 Translocations


You had 9 spell levels left.
You knew the following spells:

 Your Spells              Type           Power      Damage    Failure   Level
a - Magic Dart            Conj           28%        1d4       10%         1
b - Apportation           Tloc           32%        N/A       2%          1
c - Blink                 Tloc           32%        N/A       4%          2

Your spell library contained the following spells:

 Spells                   Type           Power      Damage    Failure   Level
 Summon Small Mammal      Summ           20%        N/A       13%         1
 Necrotise                Necr           8%         1d4       21%         1
 Slow                     Hex            8%         N/A       21%         1
 Call Imp                 Summ           5%         N/A       21%         2
 Static Discharge         Conj/Air       4%         3-4/arc   22%         2
 Conjure Flame            Conj/Fire      4%         6-21      38%         3
 Dazzling Flash           Conj/Hex       8%         N/A       38%         3
 Mephitic Cloud           Conj/Pois/Air  3%         N/A       43%         3
 Iskenderun's Mystic Bla  Conj/Tloc      12%        2d5       45%         4
 Vampiric Draining        Necr           2%         2d6       52%         3
 Lightning Bolt           Conj/Air       2%         1d13      98%         5
 Agony                    Necr           2%         N/A       99%         5
 Starburst                Conj/Fire      2%         6d3       100%        6
 Borgnjor's Revivificati  Necr           1%         N/A       100%        8
 Maxwell's Capacitive Co  Air            1%         ∞         100%        8
 Necromutation            Tmut/Necr      1%         N/A       100%        8
 Death's Door             Necr           1%         N/A       100%        9


Dungeon Overview and Level Annotations

Branches:
Dungeon (7/15)             Temple (1/1) D:6

Altars:
Ashenzari
Dithmenos
Fedhas
Gozag
Hepliaklqana
Makhleb
Nemelex Xobeh
Ru
Sif Muna
Trog
Uskayaw
Vehumet
Wu Jian
Xom

Shops:
D:5 *   D:6 [**

Annotations:
D:4 3 runed translucent doors, exclusions: hound and ogre
D:5 exclusion: water moccasin


Innate Abilities, Weirdness & Mutations

You have sharp fingernails.
You regenerate a little health from kills.
You are partially covered in razor-sharp scales. (AC +1, Slay +1)
Spells you cast may paralyse adjacent enemies.


Message History

The hornet buzzes angrily.
Aiming: Paralyse
Press: ? - help, Shift-Dir - straight line, f - hornet
Aim: a hornet (chance to affect: 39%)
The hornet resists with some effort.
Aiming: Paralyse
Press: ? - help, Shift-Dir - straight line, f/p - hornet
Aim: a hornet (chance to affect: 39%)
The hornet resists with some effort.
The hornet stings you!
You are poisoned.
You feel yourself slow down.
Aiming: Paralyse
Press: ? - help, Shift-Dir - straight line, f/p - hornet
Aim: a hornet (chance to affect: 39%)
The hornet resists with some effort.
You feel very sick.
The hornet stings you but does no damage. x2
Aiming: Paralyse
Press: ? - help, Shift-Dir - straight line, f/p - hornet
Aim: a hornet (chance to affect: 39%)
The hornet resists with some effort.
You feel very sick. The hornet stings you!
You feel as though you will be slow longer.
The hornet stings you!
You are more poisoned.
You suddenly lose the ability to move!
You feel very sick.
The hornet stings you but does no damage. x2
You can move again.
You feel better. The hornet stings you!
* * * LOW HITPOINT WARNING * * *
You feel as though you will be slow longer.
The hornet misses you.
As you read the scroll of magic mapping, it crumbles to dust.
You feel aware of your surroundings. The hornet stings you.
* * * LOW HITPOINT WARNING * * *
You feel as though you will be slow longer.
The hornet stings you!
You die...

*,,,*,* **,** ## *,*,*,* #...##
.# *,*,*,* #....* .## *,*,*,*
#..$#* ..#**.*,*,* #...#
..##..*,*,* ##..##
.....,*,*,*####....##
..#..,*,#,##....y...############
..#,,,,,#.#.....@..............#
.##,,,**#............#########.#
.#*,,,,*###.......##.#.........#
.#*,*,,.##.........#.#.#########
.#*,#,............#.##.#......*
.##.#.............#.##.#......#*
....#....#.#.#.#.##..#.#.......#
#####.##...........###.#.......#*
......##.#.#.#.#.......#.........


You could see a hornet.

Vanquished Creatures
  A black bear (D:7)
  An ice beast (D:3)
  A necrophage (D:5)
  2 scorpions (D:6)
  3 bullfrogs
  A hound (D:4)
  A jelly (D:7)
  An orc priest (D:3)
  An iguana (D:6)
  An orc wizard (D:6)
  8 adders
  An ufetubus (D:5)
  19 orcs
  13 ball pythons
  8 bats
  2 endoplasms
  5 giant cockroaches
  8 goblins
  3 hobgoblins
  6 jackals
  4 quokkas
  5 frilled lizards
  7 kobolds
  4 rats
106 creatures vanquished.

Vanquished Creatures (collateral kills)
  Menkaure (D:5)
1 creature vanquished.

Vanquished Creatures (others)
  2 rats (D:3)
2 creatures vanquished.

Grand Total: 109 creatures vanquished

Notes
Turn   | Place    | Note
-------+----------+-------------------------------------------
     0 | D:1      | frimble the Demonspawn Hedge Wizard began the quest for the
                  | Orb.
     0 | D:1      | Reached XP level 1. HP: 13/13 MP: 4/4
   335 | D:1      | Reached skill level 1 in Short Blades
   335 | D:1      | Gained mutation: You are partially covered in razor-sharp
                  | scales. (AC +1, Slay +1) [demonic ancestry]
   335 | D:1      | Reached XP level 2. HP: 14/19 MP: 6/6
  1142 | D:2      | Reached skill level 1 in Fighting
  1275 | D:2      | Reached XP level 3. HP: 22/26 MP: 7/7
  1888 | D:3      | Found a shimmering altar of Xom.
  1895 | D:3      | Reached skill level 2 in Short Blades
  2116 | D:3      | Reached XP level 4. HP: 29/33 MP: 6/8
  2211 | D:3      | Noticed an ice beast
  2228 | D:3      | Killed an ice beast
  2229 | D:3      | Reached skill level 3 in Short Blades
  2229 | D:3      | Gained mutation: Spells you cast may paralyse adjacent
                  | enemies. [demonic ancestry]
  2229 | D:3      | Reached XP level 5. HP: 16/38 MP: 9/9
  2427 | D:3      | Learned a level 1 spell: Apportation
  2430 | D:3      | Learned a level 2 spell: Blink
  2476 | D:3      | Reached skill level 1 in Translocations
  3230 | D:4      | Noticed an ogre
  3325 | D:4      | Found a runed translucent gate.
  3325 | D:4      | Found a runed translucent gate.
  3325 | D:4      | Found a runed translucent gate.
  3429 | D:4      | Noticed a black bear
  3444 | D:4      | Gained mutation: You have sharp fingernails. [demonic
                  | ancestry]
  3444 | D:4      | Reached XP level 6. HP: 43/44 MP: 10/10
  3450 | D:5      | Entered Level 5 of the Dungeon
  3450 | D:5      | Found Ufayts's Assorted Antiques.
  3462 | D:5      | Bought a scroll labelled TICLYNU IMIS for 28 gold pieces
  3473 | D:5      | Noticed a water moccasin
  3514 | D:5      | Reached skill level 4 in Short Blades
  3560 | D:5      | Found an ornate altar of the Wu Jian Council.
  3607 | D:5      | Noticed Menkaure
  3623 | D:5      | Killed Menkaure
  3896 | D:5      | Noticed an acid dragon
  3896 | D:5      | Noticed a yak
  3943 | D:5      | Noticed a water moccasin
  3968 | D:6      | Gained mutation: You regenerate a little health from kills.
                  | [demonic ancestry]
  3968 | D:6      | Reached XP level 7. HP: 45/50 MP: 11/11
  4109 | D:6      | Found Dirovonk's General Store.
  4290 | D:6      | Found a hazy altar of Hepliaklqana.
  4320 | D:6      | Reached skill level 5 in Short Blades
  4531 | D:6      | Found Fankyc's Assorted Antiques.
  4540 | D:6      | Bought a vibrating wooden ring for 110 gold pieces
  4540 | D:6      | Identified the ring "Urrett" {*Corrode rN+ Int+2 SInv
                  | Stlth+} (You bought it in a shop on level 6 of the Dungeon)
  4540 | D:6      | Bought a gilded ring for 110 gold pieces
  4552 | D:6      | Found a staircase to the Ecumenical Temple.
  4586 | Temple   | Entered the Ecumenical Temple
  4760 | D:6      | Found Ejeasol's Armour Shoppe.
  5346 | D:7      | Reached XP level 8. HP: 56/56 MP: 5/12
  5577 | D:7      | Noticed a hornet
  5588 | D:7      | Paralysed by a hornet for 2 turns
  5591 | D:7      | Mangled by a hornet

Illustrated notes

Levels and vault maps discovered:
D:1:      ncdulo_halloftheorcs, layout_basic
D:2:      layout_basic, basic_altar, minmay_misc_feat_hallway
D:3:      layout_rooms, xom_confusion_cloud
D:4:      layout_cave_pools, lemuel_round_altar,
          nicolae_qazlal_style_of_elements, gammafunk_ghost_icy,
          dreamdust_gnoll_farm
D:5:      kennysheep_big_flooded_room, layout_basic, okawaru_altar_gauntlet_db,
          mainiacjoe_overflow_alcove_1, tso_oasis_becter, serial_shops,
          nicolae_stop_n_shop_1, uniq_grinder, uniq_menkaure
D:6:      layout_loops_cross, worldfamousw_hep_ancestral_shrine,
          minmay_temple_entry_butterflies, serial_shops, shop,
          nicolae_diamond_shop, nicolae_shop_trees
D:7:      lemuel_insect_pit, layout_cave_pools, serial_co_window_serial,
          co_window_of_opportunity_a, co_window_corner_a, co_window_cross_1,
          co_window_paths_b, co_window_of_opportunity_a, co_window_broadway_a,
          co_window_of_opportunity_b, co_window_corner_ca, co_window_cross_3,
          co_window_2corner, co_window_broadway_b, co_window_cross_2,
          glass_columns_c, glass_columns_c, glass_columns_b
Temple:   compressed_dpeg_triangle_lava_temple

Skill      XL: |  1  2  3  4  5  6  7 |
---------------+----------------------+-----
Short Blades   | 1 2 3 4 5 |  5.8
Fighting       | 1 2 |  2.0
Dodging        | 2 3 |  3.0
Translocations | 1 3 4 |  4.7
Stealth        | |  1.7
Spellcasting   | |  3.0
Conjurations   | |  1.7
Summonings     | |  1.0

Action                   |  1- 3 |  4- 6 |  7- 9 || total
-------------------------+-------+-------+-------++-------
Melee: Dagger            |   130 |   134 |   117 ||   381
       Punch             |     2 |     1 |     1 ||     4
 Cast: Magic Dart        |     6 |       |     5 ||    11
       Apportation       |       |     3 |       ||     3
Evoke: Wand              |       |       |     4 ||     4
  Use: Scroll            |     8 |     7 |     2 ||    17
       Potion            |       |     1 |     1 ||     2
 Stab: Sleeping          |     5 |     5 |       ||    10
       Distracted        |       |     1 |       ||     1
Armor: Robe              |    24 |    29 |    14 ||    67
Dodge: Dodged            |    72 |    57 |    32 ||   161
Block: Other             |       |     2 |    11 ||    13

Table legend: (Time is in decaauts)
 A = Elapsed time spent in this place.
 B = Non-inter-level travel time spent in this place.
 C = Inter-level travel time spent in this place.
 D = Time resting spent in this place.
 E = Time spent auto-exploring this place.
 F = Levels seen in this place.
 G = Mean time per level.
                   A        B        C        D        E       F      G
               +--------+--------+--------+--------+--------+-----+--------+
         Total |   5409 |   5232 |    177 |    107 |   4321 |   8 |  676.1 |
       Dungeon |   5304 |   5133 |    171 |    107 |   4232 |   7 |  757.7 |
        Temple |    104 |     98 |      6 |      0 |     89 |   1 |  104.0 |
               +--------+--------+--------+--------+--------+-----+--------+

Top non-repeatable levels by time:
     D:3: 1165 daAuts
     D:6: 940 daAuts
     D:2: 931 daAuts
     D:1: 894 daAuts
     D:7: 539 daAuts
     D:5: 479 daAuts
     D:4: 354 daAuts
  Temple: 104 daAuts
